 Dungeon Crawl Stone Soup version 0.17.1-3-g152610e (webtiles) character file.

990 hannobal the Sneak (level 8, 0/52 HPs)
             Began as an Octopode Assassin on Apr 17, 2016.
             Was a Believer of Vehumet.
             Slain by a giant frog zombie (6 damage)
             ... on level 6 of the Dungeon.
             The game lasted 00:22:43 (7511 turns).

hannobal the Sneak (Octopode Assassin)              Turns: 7511, Time: 00:22:43

Health: 0/52       AC:  1    Str: 11    XL:     8   Next: 18%
Magic:  1/12       EV: 14    Int: 15    God:    Vehumet [**....]
Gold:   317        SH:  0    Dex: 13    Spells: 2 memorised, 8 levels left

rFire  . . .     SeeInvis .     a - +2 short sword (venom)
rCold  . . .     Clarity  .     (no shield)
rNeg   + . .     SustAt   .     (helmet restricted)
rPois  .         Gourm    +     l - amulet of the gourmand
rElec  .         Spirit   .     A - ring of positive energy
rCorr  .         Warding  .     (no ring)
rMut   .         Stasis   .     (no ring)
MR     .....                    (no ring)
Stlth  ++++......               (no ring)
                                (no ring)
                                (no ring)
                                (no ring)

@: very slightly contaminated, not resistant to hostile enchantments, stealthy
A: almost no armour, amphibious, 8 rings, constrict 8, camouflage 1, gelatinous
body 1
a: Renounce Religion


You were on level 6 of the Dungeon.
You worshipped Vehumet.
Vehumet was pleased with you.
You were completely stuffed.

You visited 2 branches of the dungeon, and saw 7 of its levels.
You also visited: Sewer.

You collected 317 gold pieces.

Inventory:

Hand Weapons
 a - a +2 short sword of venom (weapon)
 b - a +0 blowgun
 d - a +3 dagger of venom
 q - a +0 hunting sling
 y - a +2 spear of piercing
Missiles
 c - 22 poisoned needles
 e - 3 tomahawks (quivered)
 i - 73 stones
 j - 36 arrows
 n - 47 bolts
 p - 20 bolts of flame
 r - 22 sling bullets
 s - 16 sling bullets of flame
 G - a curare-tipped needle
Magical Staves
 w - an uncursed staff of wizardry
Jewellery
 k - an uncursed amulet of resist mutation
 l - an amulet of the gourmand (around mantle)
 A - a ring of positive energy (left tentacle)
Wands
 v - a wand of frost (13)
Scrolls
 f - a scroll of blinking
 o - 4 scrolls of identify
 x - 4 scrolls of teleportation
 C - a scroll of recharging
 F - a scroll of immolation
Potions
 g - a potion of invisibility
 h - 2 potions of might
 u - a potion of curing
 z - 4 potions of flight
 E - a potion of brilliance
Comestibles
 m - a meat ration
 t - 12 fruits
 D - 2 chunks of flesh
 H - 5 bread rations


   Skills:
 - Level 3.3 Fighting
 - Level 4.0 Short Blades
 - Level 2.0 Throwing
 - Level 4.4 Dodging
 - Level 5.3 Stealth
 - Level 3.0 Spellcasting
 + Level 3.6 Conjurations
 - Level 2.0 Fire Magic
 - Level 2.0 Ice Magic
 - Level 2.2 Evocations


You had 8 spell levels left.
You knew the following spells:

 Your Spells              Type           Power        Failure   Level  Hunger
a - Conjure Flame         Conj/Fire      ##......     21%         3    ###....
t - Throw Frost           Conj/Ice       ##....       12%         2    ##.....


Dungeon Overview and Level Annotations

Branches:
Dungeon (6/15)             Temple (1/1) D:4

Altars:
Ashenzari
Cheibriados
Dithmenos
Elyvilon
Fedhas
Gozag
Kikubaaqudgha
Nemelex Xobeh
Ru
Trog
Vehumet
Xom

Annotations:
D:6 Eustachio


Innate Abilities, Weirdness & Mutations

You cannot wear most types of armour.
You are amphibious.
You can wear up to eight rings at the same time.
You can use your tentacles to constrict eight enemies at once.
Your skin changes colour to match your surroundings (Stealth).
Your rubbery body absorbs attacks (AC +1).


Message History

Eustachio is heavily wounded.
The river rat closely misses you. Eustachio hits you but does no damage.
You are electrocuted!
* * * LOW HITPOINT WARNING * * *
The giant frog zombie closely misses you.
Read which item? (? for menu, Esc to quit)
As you read the scroll of fear, it crumbles to dust.
You assume a fearsome visage.
The river rat looks frightened!
Eustachio looks frightened!
The crimson imp is unaffected.
The giant frog zombie is unaffected.
The giant frog zombie hits you.
* * * LOW HITPOINT WARNING * * *
Eustachio howls in fear.
Eustachio casts a spell.
Eustachio blinks!
You hit Eustachio but do no damage.
Your attack snaps Eustachio out of his fear.
Your grab misses Eustachio.
Eustachio is severely wounded.
The giant frog zombie hits you.
You die...

####.......#.#
.......<.8...#
####..........#
#.8....###.# #.....##
#.. #.....# #.#
#.....# #..#+##+###
+.....######Z5$.....#
#..........r.@......#
........@.....###
......#..##.....#
......#..##.....#
.....
+.>##.....######
.....
#####........... ....
##....##### ####
+....# #....######.


You could see Eustachio (fleeing), a crimson imp, a river rat (fleeing) and a
giant frog zombie.

Vanquished Creatures
  Purgy (Sewer)
  2 phantoms
  A giant frog (D:5)
  2 jellies (D:5)
  A crimson imp (D:5)
  Ijyb (D:3)
  A centaur skeleton (D:5)
  2 iguanas (D:5)
  3 orc wizards
  5 worker ants
  6 adders
  3 gnolls (D:4)
  2 shadow imps (D:5)
  A river rat (D:3)
  An adder skeleton (D:6)
  7 worms
  5 giant geckos
  20 orcs
  2 giant cockroaches
  2 hobgoblins
  14 jackals
  7 kobolds
  2 quokkas
  7 ball pythons
  8 bats
  A giant gecko skeleton (D:5)
  5 giant newts
  6 goblins
  A jackal skeleton (D:6)
  A quokka skeleton (D:4)
  9 rats
129 creatures vanquished.

Notes
Turn   | Place    | Note
--------------------------------------------------------------
     0 | D:1      | hannobal the Octopode Assassin began the quest for the Orb.
     0 | D:1      | Reached XP level 1. HP: 14/14 MP: 1/1
   223 | D:1      | Reached XP level 2. HP: 19/19 MP: 2/2
   906 | D:1      | Found a radiant altar of Vehumet.
   914 | D:1      | Became a worshipper of Vehumet
  1051 | D:2      | Reached XP level 3. HP: 24/24 MP: 3/3
  2092 | D:2      | Found a shimmering altar of Xom.
  2093 | D:2      | Found a shadowy altar of Dithmenos.
  2097 | D:2      | Found a shattered altar of Ashenzari.
  2113 | D:2      | Reached XP level 4. HP: 29/29 MP: 4/4
  2550 | D:3      | Reached * piety under Vehumet
  2550 | D:3      | Offered knowledge of Sandblast by Vehumet.
  2709 | D:3      | Noticed Ijyb
  2714 | D:3      | Killed Ijyb
  2806 | D:3      | Found a glowing drain.
  2815 | Sewer    | Entered a sewer
  3015 | Sewer    | Noticed Purgy
  3019 | Sewer    | Killed Purgy
  3019 | Sewer    | Reached XP level 5. HP: 34/34 MP: 5/5
  3401 | D:2      | Reached XP level 6. HP: 34/39 MP: 6/6
  3709 | D:4      | Reached skill level 1 in Evocations
  3752 | D:4      | HP: 1/40 [phantom (2)]
  3955 | D:4      | Found a staircase to the Ecumenical Temple.
  4146 | Temple   | Entered the Ecumenical Temple
  4243 | D:4      | Offered knowledge of Throw Frost by Vehumet.
  4248 | D:4      | Reached ** piety under Vehumet
  4267 | D:4      | Learned a level 2 spell: Throw Frost
  4385 | D:4      | Reached skill level 1 in Spellcasting
  4385 | D:4      | Reached XP level 7. HP: 46/46 MP: 8/8
  4595 | D:4      | Found a white marble altar of Elyvilon.
  4856 | D:4      | Reached skill level 1 in Conjurations
  5165 | D:4      | Reached skill level 1 in Ice Magic
  5350 | D:5      | Entered Level 5 of the Dungeon
  5593 | D:5      | Found a blossoming altar of Fedhas.
  6182 | D:5      | Found an ancient bone altar of Kikubaaqudgha.
  6504 | D:5      | Found a bloodstained altar of Trog.
  6716 | D:5      | Found a sacrificial altar of Ru.
  6922 | D:5      | Reached XP level 8. HP: 24/52 MP: 12/12
  7245 | D:5      | Offered knowledge of Conjure Flame by Vehumet.
  7260 | D:5      | Learned a level 3 spell: Conjure Flame
  7496 | D:6      | Noticed Eustachio
  7511 | D:6      | Slain by a giant frog zombie

Action                   |  1- 3 |  4- 6 |  7- 9 || total
-------------------------+-------+-------+-------++-------
Melee: Dagger            |    46 |    64 |       ||   110
       Short sword       |       |    11 |   121 ||   132
 Fire: Blowgun           |    24 |    15 |       ||    39
       Hunting sling     |       |    10 |       ||    10
Throw: Tomahawk          |       |       |     8 ||     8
       Stone             |       |       |     2 ||     2
 Cast: Throw Frost       |       |       |    41 ||    41
Evoke: Wand              |       |     2 |       ||     2
  Use: Scroll            |     4 |     7 |     6 ||    17
       Potion            |     3 |     4 |     3 ||    10
 Stab: Sleeping          |    14 |    19 |     5 ||    38
       Distracted        |       |     1 |     2 ||     3
       Invisible         |       |       |     1 ||     1
  Eat: Chunk             |     4 |     7 |    23 ||    34
       Beef jerky        |       |       |     1 ||     1
